WCHLSIM.com - West Coast Hockey League
html PUBLIC "-//W3C//DTD XHTML 1.0 Transitional//EN" "http://www.w3.org/TR/xhtml1/DTD/xhtml1-transitional.dtd"> WCHL - Game 443 - LOS ANGELES SEALS vs SACRAMENTO BANDITS

LOS ANGELES SEALS vs SACRAMENTO BANDITS

Created - 15 janvier 2021 at 23:15

Goals
1 2 3 T
LOS ANGELES SEALS 2 0 1 3
SACRAMENTO BANDITS 2 3 0 5
Shots
1 2 3 T
LOS ANGELES SEALS 6 1 6 13
SACRAMENTO BANDITS 16 14 10 40

1st period

1. LOS ANGELES SEALS , Ryan Murray 5 (Adam Gaudette 1, Bo Horvat 18) at 3:19 (PP)
2. SACRAMENTO BANDITS , Jonathan Huberdeau 9 (Erik Johnson 3) at 7:30
3. LOS ANGELES SEALS , Zack Smith 3 (Patrick Maroon 3, Adam Gaudette 2) at 8:09
4. SACRAMENTO BANDITS , Jamie Benn 9 (Lars Eller 16, Mattias Ekholm 5) at 12:13

Penalties :
Luca Sbisa (SAC) for Fighting (Major) at 2:13, Patrick Maroon (LOS) for Fighting (Major) at 2:13, Filip Hronek (SAC) for Interference (Minor) at 2:46, Austin Watson (LOS) for Tripping (Minor) at 12:55, Marcus Pettersson (LOS) for Boarding (Minor) at 18:39

2nd period

5. SACRAMENTO BANDITS , Erik Johnson 3 (John Carlson 22, Aleksander Barkov 19) at 0:30 (PP)
6. SACRAMENTO BANDITS , Sam Reinhart 9 (Lars Eller 17, Jamie Benn 8) at 5:10
7. SACRAMENTO BANDITS , John Carlson 6 (Aleksander Barkov 20) at 6:45 (PP)

Penalties :
Nate Prosser (LOS) for Hooking (Minor) at 6:21, Carter Hutton (LOS) for Delaying the game (Minor) at 8:29 - Patrick Maroon served the penalty., Bo Horvat (LOS) for Hooking (Minor) at 18:52

3rd period

8. LOS ANGELES SEALS , Bo Horvat 12 (Marcus Johansson 14, Ryan Murray 7) at 8:52

Penalties :
Jeff Carter (LOS) for Tripping (Minor) at 2:31, Adam Lowry (LOS) for Roughing (Minor) at 12:13

Goalie Stats

Casey DeSmith (LOS), 14 saves from 18 shots - (0,778), L, 4-10-0, 25:10 minutes
Carter Hutton (LOS), 21 saves from 22 shots - (0,955), 34:50 minutes
Craig Anderson (SAC), 10 saves from 13 shots - (0,769), W, 3-3-0, 60:00 minutes

Players Stats for LOS ANGELES SEALS

Player Name              G  A  P  +/- PIM S  H  SB GA TA FO     MP     PP MP  PK MP  
------------------------------------------------------------------------------------
Adam Boqvist             0  0  0   1  0   0  2  1  0  0  0/0    18:00   0:00   0:11 
Adam Gaudette            0  2  2   1  0   1  0  0  0  0  5/8    11:26   0:33   2:41 
Adam Lowry               0  0  0  -3  2   1  7  0  0  0  0/0    13:29   0:00   0:00 
Austin Watson            0  0  0   0  2   0  1  0  0  0  1/2     8:58   0:00   0:00 
Bo Horvat                1  1  2   1  2   4  1  1  0  0  10/16  17:08   0:33   0:00 
Emil Bemstrom            0  0  0   0  0   0  0  0  0  0  0/0     8:59   0:00   0:00 
Jeff Carter              0  0  0   1  2   2  1  0  0  0  0/1    16:51   0:00   0:16 
Jonathan Ericsson        0  0  0  -2  0   0  1  0  0  0  0/0    13:05   0:00   0:21 
Kevin Rooney             0  0  0   0  0   0  0  0  0  0  1/9     8:59   0:00   0:00 
Marcus Johansson         0  1  1   1  0   1  1  0  0  0  0/0    17:52   0:00   0:43 
Marcus Pettersson        0  0  0   0  2   0  6  0  0  0  0/0    22:44   0:33   5:28 
Max Domi                 0  0  0  -3  0   0  0  0  0  0  7/18   18:27   0:00   4:27 
Nate Prosser             0  0  0  -2  2   0  4  0  0  0  0/0    19:04   0:00   6:21 
Patrick Maroon           0  1  1   1  5   0  0  0  0  0  0/0    11:14   0:00   4:06 
Ryan Murray              1  1  2   0  0   3  2  0  0  0  0/0    23:26   0:33   6:09 
Shayne Gostisbehere      0  0  0   1  0   0  2  2  0  0  0/0    23:39   0:00   5:50 
Tyler Johnson            0  0  0  -3  0   0  0  0  0  0  5/9    18:37   0:00   5:07 
Zack Smith               1  0  1   1  0   1  1  1  0  0  5/10   15:45   0:33   7:00 

Players Stats for SACRAMENTO BANDITS

Player Name              G  A  P  +/- PIM S  H  SB GA TA FO     MP     PP MP  PK MP  
------------------------------------------------------------------------------------
Aleksander Barkov        0  2  2   1  0   4  2  0  0  0  15/24  23:23   6:57   0:18 
Alexander DeBrincat      0  0  0   0  0   1  0  0  0  0  2/2    17:13   5:13   0:00 
Brad Hunt                0  0  0   0  0   0  1  0  0  0  0/0    14:59   0:00   0:18 
Colton Sissons           0  0  0   0  0   0  3  0  0  0  0/1    12:18   0:00   0:18 
Erik Johnson             1  1  2   2  0   2  0  0  0  0  0/0    22:42   7:15   0:15 
Filip Hronek             0  0  0  -1  2   1  0  2  0  0  0/0    21:49   4:55   0:00 
Jamie Benn               1  1  2   0  0   4  0  0  0  0  2/5    14:03   0:00   0:15 
Jay Beagle               0  0  0   0  0   0  0  0  0  0  2/2     5:21   0:00   0:00 
John Carlson             1  1  2  -1  0   7  0  0  0  0  0/0    24:54   7:15   0:15 
Jonathan Huberdeau       1  0  1   1  0   6  1  0  0  0  2/3    23:05   6:57   0:00 
Justin Williams          0  0  0   0  0   0  0  0  0  0  0/0     5:21   0:00   0:00 
Lars Eller               0  2  2   0  0   2  0  0  0  0  8/16   14:03   0:00   0:15 
Luca Sbisa               0  0  0   0  5   1  3  0  0  0  0/0    13:09   0:00   0:00 
Matt Duchene             0  0  0   0  0   3  1  0  0  0  8/19   17:13   5:13   0:00 
Mattias Ekholm           0  1  1   2  0   0  1  0  0  0  0/0    22:25   4:55   0:18 
Nicolas Aube-Kubel       0  0  0   0  0   1  1  0  0  0  0/0     5:21   0:00   0:00 
Patrik Laine             0  0  0   1  0   4  1  0  0  0  0/1    23:05   6:57   0:00 
Sam Reinhart             1  0  1   0  0   4  0  0  0  0  0/0    19:01   5:13   0:00 

3 Stars

1 - Erik Johnson (SAC)
2 - Jamie Benn (SAC)
3 - Aleksander Barkov (SAC)

Power Play

LOS ANGELES SEALS - 1 on 1 Attempt(s) - 100,00%
SACRAMENTO BANDITS - 2 on 7 Attempt(s) - 28,57%

Penalty Kill

LOS ANGELES SEALS - 5 on 7 Attempt(s) - 71,43% - Score 0 goal in Penalty Kill
SACRAMENTO BANDITS - 0 on 1 Attempt(s) - 0,00% - Score 0 goal in Penalty Kill

Team Stat

LOS ANGELES SEALS - Hits : 29 - Faceoff Wins : 34 - Blocked Shots : 5 - Penalty Minutes : 19
SACRAMENTO BANDITS - Hits : 14 - Faceoff Wins : 39 - Blocked Shots : 2 - Penalty Minutes : 7

Official

Referees : Francois St-Laurent and Kelly Sutherland
Linesman : Julien Fournier and Shaun Morgan

Game Notes

Luca Sbisa beats up Patrick Maroon at 2:13 of 1st period
Carter Hutton enters game at 5:10 of 2nd period

Finance

Level 1 -- Attendance: 5606 (90,35%) -- Ticket Income 896 960 $
Level 2 -- Attendance: 3956 (74,92%) -- Ticket Income 553 840 $
Level 3 -- Attendance: 1638 (76,72%) -- Ticket Income 196 560 $
Level 4 -- Attendance: 2819 (65,86%) -- Ticket Income 253 710 $
Luxury Box -- Attendance: 879 (87,03%) -- Ticket Income 263 700 $
Game was played at the Sacramento Center Palace.
Total Attendance: 14898 (78,78%)
Total Ticket Income: 2 164 770 $
Other Expense: 21 648 $
Total Income: 2 143 122 $

LOS ANGELES SEALS

5 vs 5 Forward 
   Center                   Left Wing                Right Wing               Time % Phy DF OF 
 1 Bo Horvat                Marcus Johansson         Jeff Carter              36     1   2  2  
 2 Max Domi                 Tyler Johnson            Adam Lowry               31     1   2  2  
 3 Zack Smith               Patrick Maroon           Adam Gaudette            23     1   2  2  
 4 Kevin Rooney             Austin Watson            Emil Bemstrom            10     1   2  2  

5 vs 5 Defense 
   Defense                  Defense                                           Time % Phy DF OF 
 1 Ryan Murray              Marcus Pettersson                                 36     1   2  2  
 2 Adam Boqvist             Shayne Gostisbehere                               31     1   2  2  
 3 Nate Prosser             Jonathan Ericsson                                 23     1   2  2  
 4 Ryan Murray              Marcus Pettersson                                 10     1   2  2  

PowerPlay Forward 
   Center                   Left Wing                Right Wing               Time % Phy DF OF 
 1 Patrick Maroon           Bo Horvat                Zack Smith               55     1   2  2  
 2 Max Domi                 Tyler Johnson            Jeff Carter              45     1   2  2  

PowerPlay Defense
   Defense                  Defense                                           Time % Phy DF OF 
 1 Ryan Murray              Marcus Pettersson                                 55     1   2  2  
 2 Nate Prosser             Shayne Gostisbehere                               45     1   2  2  

Penalty Kill 4 Players Forward 
   Center                   Wing                     Time % Phy DF OF 
 1 Tyler Johnson            Zack Smith               55     1   2  2  
 2 Patrick Maroon           Max Domi                 45     1   2  2  

Penalty Kill 4 Players Defense
   Defense                  Defense                  Time % Phy DF OF 
 1 Ryan Murray              Marcus Pettersson        55     1   2  2  
 2 Nate Prosser             Shayne Gostisbehere      45     1   2  2  

Penalty Kill - 3 Players Forward 
   Forward                                           Time % Phy DF OF 
 1 Max Domi                                          55     1   2  2  
 2 Patrick Maroon                                    45     1   2  2  

Penalty Kill - 3 Players Defense
   Defense                  Defense                  Time % Phy DF OF 
 1 Ryan Murray              Marcus Pettersson        55     1   2  2  
 2 Nate Prosser             Shayne Gostisbehere      45     1   2  2  

4 vs 4 Forward 
   Center                   Wing                     Time % Phy DF OF 
 1 Patrick Maroon           Zack Smith               55     1   2  2  
 2 Tyler Johnson            Max Domi                 45     1   2  2  

4 vs 4 Defense
   Defense                  Defense                  Time % Phy DF OF 
 1 Ryan Murray              Marcus Pettersson        55     1   2  2  
 2 Nate Prosser             Shayne Gostisbehere      45     1   2  2  

Last Minutes Offensive
   Center                   Left Wing                Right Wing               Defense                  Defense                  
   Bo Horvat                Marcus Johansson         Jeff Carter              Ryan Murray              Marcus Pettersson        

Last Minutes Defensive
   Center                   Left Wing                Right Wing               Defense                  Defense                  
   Bo Horvat                Marcus Johansson         Jeff Carter              Ryan Murray              Marcus Pettersson        

Goaltenders
Starting : Casey DeSmith            
Backup : Carter Hutton            

Extra Forwards
Normal : Patrick Maroon, Zack Smith, Max Domi - PP : Patrick Maroon, Zack Smith - PK : Max Domi
Extra Defensemen
Normal : Nate Prosser, Marcus Pettersson, Shayne Gostisbehere - PP : Nate Prosser - PK : Nate Prosser, Marcus Pettersson
Penalty Shots
Zack Smith, Marcus Johansson, Patrick Maroon, Max Domi, Tyler Johnson
Custom OT Lines Forwards
Bo Horvat, Marcus Johansson, Jeff Carter, Max Domi, Tyler Johnson, Patrick Maroon, Zack Smith, Adam Lowry, Kevin Rooney, Adam Gaudette
Custom OT Lines Defensemen
Jonathan Ericsson, Marcus Pettersson, Adam Boqvist, Shayne Gostisbehere, Nate Prosser

Scratches
Antti Suomela (Healthy), Chris Conner (Healthy), Lukas Radil (Healthy), Frank Corrado (Healthy), Turner Elson (Healthy)

SACRAMENTO BANDITS

5 vs 5 Forward 
   Center                   Left Wing                Right Wing               Time % Phy DF OF 
 1 Aleksander Barkov        Jonathan Huberdeau       Patrik Laine             36     1   2  2  
 2 Lars Eller               Jamie Benn               Sam Reinhart             31     1   2  2  
 3 Matt Duchene             Alexander DeBrincat      Colton Sissons           23     1   2  2  
 4 Jay Beagle               Nicolas Aube-Kubel       Justin Williams          10     1   2  2  

5 vs 5 Defense 
   Defense                  Defense                                           Time % Phy DF OF 
 1 John Carlson             Filip Hronek                                      36     1   2  2  
 2 Mattias Ekholm           Erik Johnson                                      31     1   2  2  
 3 Brad Hunt                Luca Sbisa                                        23     1   2  2  
 4 John Carlson             Mattias Ekholm                                    10     1   2  2  

PowerPlay Forward 
   Center                   Left Wing                Right Wing               Time % Phy DF OF 
 1 Aleksander Barkov        Jonathan Huberdeau       Patrik Laine             55     1   2  2  
 2 Matt Duchene             Alexander DeBrincat      Sam Reinhart             45     1   2  2  

PowerPlay Defense
   Defense                  Defense                                           Time % Phy DF OF 
 1 John Carlson             Erik Johnson                                      55     1   2  2  
 2 Mattias Ekholm           Filip Hronek                                      45     1   2  2  

Penalty Kill 4 Players Forward 
   Center                   Wing                     Time % Phy DF OF 
 1 Lars Eller               Jamie Benn               55     1   2  2  
 2 Aleksander Barkov        Colton Sissons           45     1   2  2  

Penalty Kill 4 Players Defense
   Defense                  Defense                  Time % Phy DF OF 
 1 John Carlson             Erik Johnson             55     1   2  2  
 2 Mattias Ekholm           Filip Hronek             45     1   2  2  

Penalty Kill - 3 Players Forward 
   Forward                                           Time % Phy DF OF 
 1 Lars Eller                                        55     1   2  2  
 2 Aleksander Barkov                                 45     1   2  2  

Penalty Kill - 3 Players Defense
   Defense                  Defense                  Time % Phy DF OF 
 1 John Carlson             Erik Johnson             55     1   2  2  
 2 Mattias Ekholm           Luca Sbisa               45     1   2  2  

4 vs 4 Forward 
   Center                   Wing                     Time % Phy DF OF 
 1 Aleksander Barkov        Jonathan Huberdeau       55     1   2  2  
 2 Lars Eller               Patrik Laine             45     1   2  2  

4 vs 4 Defense
   Defense                  Defense                  Time % Phy DF OF 
 1 John Carlson             Filip Hronek             55     1   2  2  
 2 Mattias Ekholm           Erik Johnson             45     1   2  2  

Last Minutes Offensive
   Center                   Left Wing                Right Wing               Defense                  Defense                  
   Aleksander Barkov        Jonathan Huberdeau       Sam Reinhart             John Carlson             Erik Johnson             

Last Minutes Defensive
   Center                   Left Wing                Right Wing               Defense                  Defense                  
   Aleksander Barkov        Jonathan Huberdeau       Sam Reinhart             John Carlson             Erik Johnson             

Goaltenders
Starting : Craig Anderson           
Backup : Andrei Vasilevskiy       

Extra Forwards
Normal : Jonathan Huberdeau, Jay Beagle, Aleksander Barkov - PP : Jonathan Huberdeau, Jay Beagle - PK : Jonathan Huberdeau
Extra Defensemen
Normal : Filip Hronek, Luca Sbisa, Mattias Ekholm - PP : Filip Hronek - PK : Luca Sbisa, Mattias Ekholm
Penalty Shots
Aleksander Barkov, Jonathan Huberdeau, Jamie Benn, Matt Duchene, Sam Reinhart
Custom OT Lines Forwards
Aleksander Barkov, Jonathan Huberdeau, Jamie Benn, Matt Duchene, Sam Reinhart, Alexander DeBrincat, Jay Beagle, Lars Eller, Colton Sissons, Justin Williams
Custom OT Lines Defensemen
John Carlson, Luca Sbisa, Mattias Ekholm, Erik Johnson, Filip Hronek

Scratches
Brock Boeser (Left Foot Injury), Ryan Suter (Bruised Left Shoulder Injury), Josh Manson (Healthy)

% Time on Ice - LOS ANGELES SEALS

Lines # - Real PCT - Wanted PCT - Time Play
Normal Forward
1 - 35% - 36% - 16:36
2 - 29% - 31% - 13:30
3 - 17% - 23% - 8:12
4 - 19% - 10% - 8:59
Normal Defense
1 - 32% - 36% - 15:09
2 - 38% - 31% - 17:49
3 - 27% - 23% - 12:44
4 - 3% - 10% - 1:35
PP Forward
1 - 100% - 55% - 0:33
2 - 0% - 45% - 0:00
PP Defense
1 - 100% - 55% - 0:33
2 - 0% - 45% - 0:00
PK Forward
1 - 58% - 55% - 7:00
2 - 42% - 45% - 5:10
PK Defense
1 - 51% - 55% - 6:09
2 - 49% - 45% - 6:01
PK3 Forward
1 - 0% - 55%
2 - 0% - 45%
PK3 Defense
1 - 0% - 55%
2 - 0% - 45%
44 Forward
1 - 0% - 55%
2 - 0% - 45%
44 Defense
1 - 0% - 55%
2 - 0% - 45%
Last Minute Offensive  - 0:00
Last Minute Defensive  - 0:00
Total
Forward - 60:00
Defense - 60:00

% Time on Ice - SACRAMENTO BANDITS

Lines # - Real PCT - Wanted PCT - Time Play
Normal Forward
1 - 34% - 36% - 16:08
2 - 29% - 31% - 13:48
3 - 25% - 23% - 12:00
4 - 11% - 10% - 5:21
Normal Defense
1 - 33% - 36% - 15:24
2 - 32% - 31% - 15:12
3 - 31% - 23% - 14:41
4 - 4% - 10% - 2:00
PP Forward
1 - 57% - 55% - 6:57
2 - 43% - 45% - 5:13
PP Defense
1 - 60% - 55% - 7:15
2 - 40% - 45% - 4:55
PK Forward
1 - 45% - 55% - 0:15
2 - 55% - 45% - 0:18
PK Defense
1 - 45% - 55% - 0:15
2 - 55% - 45% - 0:18
PK3 Forward
1 - 0% - 55%
2 - 0% - 45%
PK3 Defense
1 - 0% - 55%
2 - 0% - 45%
44 Forward
1 - 0% - 55%
2 - 0% - 45%
44 Defense
1 - 0% - 55%
2 - 0% - 45%
Last Minute Offensive  - 0:00
Last Minute Defensive  - 0:00
Total
Forward - 60:00
Defense - 60:00

Play-by-Play

1st period


0:01 of 1st period - Aleksander Barkov wins face-off versus Bo Horvat in neutral zone.
1:27 of 1st period - Lars Eller is hit by Shayne Gostisbehere and loses puck.
2:13 of 1st period - Luca Sbisa beats up Patrick Maroon.
2:13 of 1st period - Penalty to Luca Sbisa for Fighting.
2:13 of 1st period - Penalty to Patrick Maroon for Fighting.
2:14 of 1st period - Jay Beagle wins face-off versus Zack Smith in neutral zone.
2:31 of 1st period - Shot by Jay Beagle.
2:31 of 1st period - Shot Misses the Net.
2:46 of 1st period - Minor Penalty to Filip Hronek for Interference.
2:47 of 1st period - Adam Gaudette wins face-off versus Lars Eller in SACRAMENTO BANDITS zone.
2:50 of 1st period - Shot by Ryan Murray.
2:50 of 1st period - Stopped by Craig Anderson without a rebound.
2:51 of 1st period - Lars Eller wins face-off versus Adam Gaudette in SACRAMENTO BANDITS zone.
2:51 of 1st period - Lars Eller is hit by Zack Smith.
3:07 of 1st period - Shot by Ryan Murray.
3:07 of 1st period - Shot Misses the Net.
3:17 of 1st period - Shot by Adam Gaudette.
3:17 of 1st period - Shot Misses the Net.
3:19 of 1st period - Shot by Ryan Murray.
3:19 of 1st period - Goal by Ryan Murray - LOS ANGELES SEALS : 1 - SACRAMENTO BANDITS : 0.
3:20 of 1st period - Austin Watson wins face-off versus Lars Eller in neutral zone.
4:23 of 1st period - Shot by Jeff Carter.
4:23 of 1st period - Stopped by Craig Anderson without a rebound.
4:24 of 1st period - Max Domi wins face-off versus Matt Duchene in SACRAMENTO BANDITS zone.
4:27 of 1st period - Shot by Tyler Johnson.
4:27 of 1st period - Shot Misses the Net.
4:36 of 1st period - Matt Duchene is hit by Adam Lowry and loses puck.
4:56 of 1st period - Off-side.
4:57 of 1st period - Aleksander Barkov wins face-off versus Bo Horvat in neutral zone.
5:59 of 1st period - Jonathan Ericsson is hit by Nicolas Aube-Kubel.
6:21 of 1st period - Shot by Nicolas Aube-Kubel.
6:21 of 1st period - Stopped by Casey DeSmith without a rebound.
6:22 of 1st period - Alexander DeBrincat wins face-off versus Kevin Rooney in LOS ANGELES SEALS zone.
6:46 of 1st period - Off-side.
6:47 of 1st period - Aleksander Barkov wins face-off versus Max Domi in neutral zone.
7:30 of 1st period - Shot by Jonathan Huberdeau.
7:30 of 1st period - Goal by Jonathan Huberdeau - LOS ANGELES SEALS : 1 - SACRAMENTO BANDITS : 1.
7:31 of 1st period - Bo Horvat wins face-off versus Colton Sissons in neutral zone.
7:50 of 1st period - Icing by Luca Sbisa.
7:51 of 1st period - Matt Duchene wins face-off versus Zack Smith in SACRAMENTO BANDITS zone.
7:58 of 1st period - Shot by Alexander DeBrincat.
7:58 of 1st period - Deflect By Matt Duchene.
7:58 of 1st period - Shot Misses the Net.
8:01 of 1st period - Icing by Shayne Gostisbehere.
8:02 of 1st period - Zack Smith wins face-off versus Lars Eller in LOS ANGELES SEALS zone.
8:07 of 1st period - Shot by Patrick Maroon.
8:07 of 1st period - Shot Misses the Net.
8:09 of 1st period - Shot by Zack Smith.
8:09 of 1st period - Goal by Zack Smith - LOS ANGELES SEALS : 2 - SACRAMENTO BANDITS : 1.
8:10 of 1st period - Bo Horvat wins face-off versus Jamie Benn in neutral zone.
8:19 of 1st period - Shot by Sam Reinhart.
8:19 of 1st period - Stopped by Casey DeSmith with a rebound.
8:21 of 1st period - Shot by John Carlson.
8:21 of 1st period - Stopped by Casey DeSmith with a rebound.
8:23 of 1st period - Shot by John Carlson.
8:23 of 1st period - Stopped by Casey DeSmith with a rebound.
9:13 of 1st period - Off-side.
9:14 of 1st period - Zack Smith wins face-off versus Matt Duchene in neutral zone.
9:48 of 1st period - Zack Smith is hit by Colton Sissons.
9:54 of 1st period - Shot by Alexander DeBrincat.
9:54 of 1st period - Shot Misses the Net.
9:56 of 1st period - Shot by Alexander DeBrincat.
9:56 of 1st period - Shot Blocked by Adam Boqvist.
10:00 of 1st period - Shot by Matt Duchene.
10:00 of 1st period - Shot Misses the Net.
10:12 of 1st period - Adam Gaudette is hit by Aleksander Barkov and loses puck.
10:31 of 1st period - Icing by Adam Boqvist.
10:32 of 1st period - Lars Eller wins face-off versus Zack Smith in LOS ANGELES SEALS zone.
10:36 of 1st period - Sam Reinhart is hit by Adam Boqvist.
10:50 of 1st period - Shot by Lars Eller.
10:50 of 1st period - Shot Blocked by Shayne Gostisbehere.
10:52 of 1st period - Shot by Lars Eller.
10:52 of 1st period - Stopped by Casey DeSmith without a rebound.
10:53 of 1st period - Aleksander Barkov wins face-off versus Max Domi in LOS ANGELES SEALS zone.
10:56 of 1st period - Shot by Jonathan Huberdeau.
10:56 of 1st period - Shot Misses the Net.
10:58 of 1st period - Shot by Luca Sbisa.
10:58 of 1st period - Stopped by Casey DeSmith without a rebound.
10:59 of 1st period - Aleksander Barkov wins face-off versus Max Domi in LOS ANGELES SEALS zone.
11:20 of 1st period - John Carlson is hit by Adam Lowry and loses puck.
11:26 of 1st period - Patrik Laine is hit by Adam Lowry and loses puck.
11:51 of 1st period - Marcus Pettersson is hit by Aleksander Barkov and loses puck.
12:13 of 1st period - Shot by Jamie Benn.
12:13 of 1st period - Goal by Jamie Benn - LOS ANGELES SEALS : 2 - SACRAMENTO BANDITS : 2.
12:14 of 1st period - Bo Horvat wins face-off versus Matt Duchene in neutral zone.
12:16 of 1st period - Jeff Carter is hit by Luca Sbisa and loses puck.
12:20 of 1st period - Bo Horvat is hit by Brad Hunt and loses puck.
12:32 of 1st period - Jeff Carter is hit by Luca Sbisa and loses puck.
12:53 of 1st period - Shot by Bo Horvat.
12:53 of 1st period - Stopped by Craig Anderson without a rebound.
12:54 of 1st period - Lars Eller wins face-off versus Kevin Rooney in SACRAMENTO BANDITS zone.
12:54 of 1st period - Lars Eller is hit by Austin Watson.
12:55 of 1st period - Minor Penalty to Austin Watson for Tripping.
12:56 of 1st period - Tyler Johnson wins face-off versus Patrik Laine in LOS ANGELES SEALS zone.
12:56 of 1st period - Tyler Johnson is hit by Patrik Laine.
13:24 of 1st period - Shot by John Carlson.
13:24 of 1st period - Stopped by Casey DeSmith with a rebound.
13:34 of 1st period - Shot by John Carlson.
13:34 of 1st period - Shot Blocked by Zack Smith.
13:40 of 1st period - Shot by Patrik Laine.
13:40 of 1st period - Shot Misses the Net.
13:44 of 1st period - Shot by Patrik Laine.
13:44 of 1st period - Stopped by Casey DeSmith with a rebound.
14:00 of 1st period - Shot by Sam Reinhart.
14:00 of 1st period - Shot Misses the Net.
14:52 of 1st period - Shot by Aleksander Barkov.
14:52 of 1st period - Stopped by Casey DeSmith without a rebound.
14:53 of 1st period - Adam Gaudette wins face-off versus Aleksander Barkov in LOS ANGELES SEALS zone.
14:58 of 1st period - Luca Sbisa is hit by Bo Horvat and loses puck.
15:27 of 1st period - Shot by Marcus Johansson.
15:27 of 1st period - Shot Misses the Net.
16:28 of 1st period - Shot by Patrik Laine.
16:28 of 1st period - Stopped by Casey DeSmith with a rebound.
16:55 of 1st period - Shot by Jamie Benn.
16:55 of 1st period - Stopped by Casey DeSmith without a rebound.
16:56 of 1st period - Max Domi wins face-off versus Matt Duchene in LOS ANGELES SEALS zone.
16:56 of 1st period - Adam Lowry is hit by Colton Sissons and loses puck.
17:15 of 1st period - Shot by Alexander DeBrincat.
17:15 of 1st period - Stopped by Casey DeSmith without a rebound.
17:16 of 1st period - Lars Eller wins face-off versus Bo Horvat in LOS ANGELES SEALS zone.
17:17 of 1st period - Shot by Jamie Benn.
17:17 of 1st period - Shot Misses the Net.
17:50 of 1st period - Shot by Jeff Carter.
17:50 of 1st period - Deflect By Bo Horvat.
17:50 of 1st period - Stopped by Craig Anderson without a rebound.
17:51 of 1st period - Max Domi wins face-off versus Aleksander Barkov in SACRAMENTO BANDITS zone.
17:54 of 1st period - Shot by Tyler Johnson.
17:54 of 1st period - Shot Misses the Net.
18:00 of 1st period - Marcus Pettersson is hit by Jonathan Huberdeau and loses puck.
18:06 of 1st period - Jonathan Huberdeau is hit by Marcus Pettersson and loses puck.
18:24 of 1st period - Icing by Marcus Pettersson.
18:25 of 1st period - Max Domi wins face-off versus Jamie Benn in LOS ANGELES SEALS zone.
18:39 of 1st period - Minor Penalty to Marcus Pettersson for Boarding.
18:40 of 1st period - Alexander DeBrincat wins face-off versus Tyler Johnson in LOS ANGELES SEALS zone.
19:05 of 1st period - Shot by John Carlson.
19:05 of 1st period - Stopped by Casey DeSmith with a rebound.
19:54 of 1st period - Shot by Jonathan Huberdeau.
19:54 of 1st period - Stopped by Casey DeSmith with a rebound.
19:56 of 1st period - Shot by Filip Hronek.
19:56 of 1st period - Shot Misses the Net.
Goals for this period are 2 for LOS ANGELES SEALS vs 2 for SACRAMENTO BANDITS.
Shots for this period are 6 for LOS ANGELES SEALS vs 16 for SACRAMENTO BANDITS.

2nd period


0:01 of 2nd period - Tyler Johnson wins face-off versus Aleksander Barkov in neutral zone.
0:28 of 2nd period - Shot by John Carlson.
0:28 of 2nd period - Shot Misses the Net.
0:30 of 2nd period - Shot by Erik Johnson.
0:30 of 2nd period - Goal by Erik Johnson - LOS ANGELES SEALS : 2 - SACRAMENTO BANDITS : 3.
0:31 of 2nd period - Bo Horvat wins face-off versus Lars Eller in neutral zone.
0:39 of 2nd period - Shot by Jamie Benn.
0:39 of 2nd period - Shot Misses the Net.
1:15 of 2nd period - Marcus Johansson is hit by Luca Sbisa.
2:03 of 2nd period - Shot by Aleksander Barkov.
2:03 of 2nd period - Shot Misses the Net.
2:10 of 2nd period - Jonathan Huberdeau is hit by Marcus Pettersson and loses puck.
2:45 of 2nd period - Alexander DeBrincat is hit by Marcus Pettersson and loses puck.
2:51 of 2nd period - Matt Duchene is hit by Marcus Pettersson and loses puck.
3:07 of 2nd period - Icing by Erik Johnson.
3:08 of 2nd period - Bo Horvat wins face-off versus Matt Duchene in SACRAMENTO BANDITS zone.
3:08 of 2nd period - Jeff Carter is hit by Mattias Ekholm.
3:24 of 2nd period - Shot by Bo Horvat.
3:24 of 2nd period - Shot Misses the Net.
3:56 of 2nd period - Icing by Shayne Gostisbehere.
3:57 of 2nd period - Aleksander Barkov wins face-off versus Jeff Carter in LOS ANGELES SEALS zone.
4:54 of 2nd period - Off-side.
4:55 of 2nd period - Lars Eller wins face-off versus Max Domi in neutral zone.
4:55 of 2nd period - Sam Reinhart is hit by Adam Lowry and loses puck.
4:59 of 2nd period - Luca Sbisa is hit by Jonathan Ericsson and loses puck.
5:03 of 2nd period - Lars Eller is hit by Nate Prosser and loses puck.
5:10 of 2nd period - Shot by Sam Reinhart.
5:10 of 2nd period - Goal by Sam Reinhart - LOS ANGELES SEALS : 2 - SACRAMENTO BANDITS : 4.
5:10 of 2nd period - Carter Hutton enters game.
5:11 of 2nd period - Jay Beagle wins face-off versus Kevin Rooney in neutral zone.
5:34 of 2nd period - Shot by Kevin Rooney.
5:34 of 2nd period - Shot Misses the Net.
5:44 of 2nd period - Icing by Kevin Rooney.
5:45 of 2nd period - Jamie Benn wins face-off versus Austin Watson in LOS ANGELES SEALS zone.
5:52 of 2nd period - Shot by Jamie Benn.
5:52 of 2nd period - Deflect By Sam Reinhart.
5:52 of 2nd period - Shot Misses the Net.
6:05 of 2nd period - Lars Eller is hit by Nate Prosser and loses puck.
6:12 of 2nd period - Shot by Lars Eller.
6:12 of 2nd period - Deflect By Sam Reinhart.
6:12 of 2nd period - Shot Misses the Net.
6:18 of 2nd period - Shot by Lars Eller.
6:18 of 2nd period - Shot Misses the Net.
6:21 of 2nd period - Minor Penalty to Nate Prosser for Hooking.
6:22 of 2nd period - Tyler Johnson wins face-off versus Jonathan Huberdeau in LOS ANGELES SEALS zone.
6:45 of 2nd period - Shot by John Carlson.
6:45 of 2nd period - Goal by John Carlson - LOS ANGELES SEALS : 2 - SACRAMENTO BANDITS : 5.
6:46 of 2nd period - Bo Horvat wins face-off versus Matt Duchene in neutral zone.
7:27 of 2nd period - Colton Sissons is hit by Shayne Gostisbehere and loses puck.
7:49 of 2nd period - Off-side.
7:50 of 2nd period - Max Domi wins face-off versus Lars Eller in neutral zone.
8:23 of 2nd period - Shot by John Carlson.
8:23 of 2nd period - Stopped by Carter Hutton without a rebound.
8:24 of 2nd period - Aleksander Barkov wins face-off versus Zack Smith in LOS ANGELES SEALS zone.
8:29 of 2nd period - Shot by Aleksander Barkov.
8:29 of 2nd period - Stopped by Carter Hutton without a rebound.
8:29 of 2nd period - Minor Penalty to Carter Hutton for Delaying the game.
8:30 of 2nd period - Tyler Johnson wins face-off versus Aleksander Barkov in LOS ANGELES SEALS zone.
9:03 of 2nd period - Shot by Aleksander Barkov.
9:03 of 2nd period - Deflect By Patrik Laine.
9:03 of 2nd period - Shot Hit the Post.
9:05 of 2nd period - Shot by John Carlson.
9:05 of 2nd period - Shot Misses the Net.
9:07 of 2nd period - Shot by Aleksander Barkov.
9:07 of 2nd period - Shot Misses the Net.
9:27 of 2nd period - Icing by Mattias Ekholm.
9:28 of 2nd period - Adam Gaudette wins face-off versus Matt Duchene in SACRAMENTO BANDITS zone.
9:31 of 2nd period - Shot by Max Domi.
9:31 of 2nd period - Shot Blocked by Filip Hronek.
9:43 of 2nd period - Shot by Matt Duchene.
9:43 of 2nd period - Stopped by Carter Hutton with a rebound.
9:45 of 2nd period - Shot by Filip Hronek.
9:45 of 2nd period - Stopped by Carter Hutton with a rebound.
10:04 of 2nd period - Shot by Mattias Ekholm.
10:04 of 2nd period - Shot Misses the Net.
11:37 of 2nd period - Shot by Bo Horvat.
11:37 of 2nd period - Shot Misses the Net.
11:41 of 2nd period - Shot by Marcus Johansson.
11:41 of 2nd period - Stopped by Craig Anderson without a rebound.
11:42 of 2nd period - Zack Smith wins face-off versus Lars Eller in SACRAMENTO BANDITS zone.
12:06 of 2nd period - Shot by Lars Eller.
12:06 of 2nd period - Stopped by Carter Hutton without a rebound.
12:07 of 2nd period - Jonathan Huberdeau wins face-off versus Max Domi in LOS ANGELES SEALS zone.
12:10 of 2nd period - Shot by Jonathan Huberdeau.
12:10 of 2nd period - Stopped by Carter Hutton with a rebound.
12:12 of 2nd period - Shot by Patrik Laine.
12:12 of 2nd period - Stopped by Carter Hutton without a rebound.
12:13 of 2nd period - Aleksander Barkov wins face-off versus Max Domi in LOS ANGELES SEALS zone.
12:14 of 2nd period - Shot by Patrik Laine.
12:14 of 2nd period - Shot Misses the Net.
12:35 of 2nd period - Aleksander Barkov is hit by Ryan Murray and loses puck.
13:17 of 2nd period - Jamie Benn is hit by Ryan Murray and loses puck.
13:57 of 2nd period - Lars Eller is hit by Jeff Carter and loses puck.
14:12 of 2nd period - Matt Duchene is hit by Marcus Johansson and loses puck.
14:27 of 2nd period - Shot by Alexander DeBrincat.
14:27 of 2nd period - Shot Misses the Net.
16:34 of 2nd period - Icing by Ryan Murray.
16:35 of 2nd period - Kevin Rooney wins face-off versus Jamie Benn in LOS ANGELES SEALS zone.
16:49 of 2nd period - Off-side.
16:50 of 2nd period - Max Domi wins face-off versus Matt Duchene in neutral zone.
17:05 of 2nd period - Max Domi is hit by Colton Sissons and loses puck.
17:18 of 2nd period - Shot by Matt Duchene.
17:18 of 2nd period - Stopped by Carter Hutton with a rebound.
17:43 of 2nd period - Icing by Shayne Gostisbehere.
17:44 of 2nd period - Aleksander Barkov wins face-off versus Max Domi in LOS ANGELES SEALS zone.
18:19 of 2nd period - Shot by Patrik Laine.
18:19 of 2nd period - Stopped by Carter Hutton with a rebound.
18:25 of 2nd period - Shot by Aleksander Barkov.
18:25 of 2nd period - Shot Misses the Net.
18:52 of 2nd period - Minor Penalty to Bo Horvat for Hooking.
18:53 of 2nd period - Matt Duchene wins face-off versus Adam Gaudette in LOS ANGELES SEALS zone.
19:17 of 2nd period - Shot by Matt Duchene.
19:17 of 2nd period - Stopped by Carter Hutton without a rebound.
19:18 of 2nd period - Aleksander Barkov wins face-off versus Adam Gaudette in LOS ANGELES SEALS zone.
19:19 of 2nd period - Shot by John Carlson.
19:19 of 2nd period - Stopped by Carter Hutton without a rebound.
19:20 of 2nd period - Adam Gaudette wins face-off versus Aleksander Barkov in LOS ANGELES SEALS zone.
Goals for this period are 0 for LOS ANGELES SEALS vs 3 for SACRAMENTO BANDITS.
Shots for this period are 1 for LOS ANGELES SEALS vs 14 for SACRAMENTO BANDITS.

3rd period


0:01 of 3rd period - Aleksander Barkov wins face-off versus Tyler Johnson in neutral zone.
0:06 of 3rd period - Shot by John Carlson.
0:06 of 3rd period - Shot Misses the Net.
0:08 of 3rd period - Shot by Erik Johnson.
0:08 of 3rd period - Stopped by Carter Hutton without a rebound.
0:09 of 3rd period - Aleksander Barkov wins face-off versus Tyler Johnson in LOS ANGELES SEALS zone.
1:16 of 3rd period - Shot by Marcus Johansson.
1:16 of 3rd period - Shot Misses the Net.
1:26 of 3rd period - Shot by Lars Eller.
1:26 of 3rd period - Shot Misses the Net.
1:28 of 3rd period - Shot by Jamie Benn.
1:28 of 3rd period - Stopped by Carter Hutton without a rebound.
1:29 of 3rd period - Matt Duchene wins face-off versus Kevin Rooney in LOS ANGELES SEALS zone.
1:35 of 3rd period - Icing by Kevin Rooney.
1:36 of 3rd period - Aleksander Barkov wins face-off versus Kevin Rooney in LOS ANGELES SEALS zone.
2:31 of 3rd period - Minor Penalty to Jeff Carter for Tripping.
2:32 of 3rd period - Matt Duchene wins face-off versus Tyler Johnson in LOS ANGELES SEALS zone.
2:51 of 3rd period - Ryan Murray is hit by Matt Duchene and loses puck.
3:00 of 3rd period - Shot by Matt Duchene.
3:00 of 3rd period - Deflect By Sam Reinhart.
3:00 of 3rd period - Stopped by Carter Hutton without a rebound.
3:01 of 3rd period - Tyler Johnson wins face-off versus Aleksander Barkov in LOS ANGELES SEALS zone.
4:15 of 3rd period - Shot by Filip Hronek.
4:15 of 3rd period - Shot Blocked by Shayne Gostisbehere.
4:17 of 3rd period - Shot by Sam Reinhart.
4:17 of 3rd period - Stopped by Carter Hutton with a rebound.
4:53 of 3rd period - Shot by Bo Horvat.
4:53 of 3rd period - Stopped by Craig Anderson without a rebound.
4:54 of 3rd period - Lars Eller wins face-off versus Kevin Rooney in SACRAMENTO BANDITS zone.
5:00 of 3rd period - Jamie Benn is hit by Adam Boqvist and loses puck.
5:48 of 3rd period - Shot by Patrik Laine.
5:48 of 3rd period - Shot Misses the Net.
6:01 of 3rd period - Shot by Patrik Laine.
6:01 of 3rd period - Shot Blocked by Bo Horvat.
6:03 of 3rd period - Shot by Aleksander Barkov.
6:03 of 3rd period - Stopped by Carter Hutton without a rebound.
6:04 of 3rd period - Max Domi wins face-off versus Matt Duchene in LOS ANGELES SEALS zone.
7:34 of 3rd period - Icing by Mattias Ekholm.
7:35 of 3rd period - Zack Smith wins face-off versus Matt Duchene in SACRAMENTO BANDITS zone.
7:47 of 3rd period - Icing by Erik Johnson.
7:48 of 3rd period - Matt Duchene wins face-off versus Kevin Rooney in SACRAMENTO BANDITS zone.
8:02 of 3rd period - Icing by Alexander DeBrincat.
8:03 of 3rd period - Matt Duchene wins face-off versus Max Domi in SACRAMENTO BANDITS zone.
8:03 of 3rd period - Matt Duchene is hit by Adam Lowry.
8:29 of 3rd period - Jonathan Huberdeau is hit by Nate Prosser and loses puck.
8:35 of 3rd period - Aleksander Barkov is hit by Nate Prosser and loses puck.
8:38 of 3rd period - Shot by Aleksander Barkov.
8:38 of 3rd period - Stopped by Carter Hutton without a rebound.
8:39 of 3rd period - Lars Eller wins face-off versus Bo Horvat in LOS ANGELES SEALS zone.
8:40 of 3rd period - Shot by Jamie Benn.
8:40 of 3rd period - Stopped by Carter Hutton without a rebound.
8:41 of 3rd period - Bo Horvat wins face-off versus Lars Eller in LOS ANGELES SEALS zone.
8:52 of 3rd period - Shot by Bo Horvat.
8:52 of 3rd period - Goal by Bo Horvat - LOS ANGELES SEALS : 3 - SACRAMENTO BANDITS : 5.
8:53 of 3rd period - Aleksander Barkov wins face-off versus Zack Smith in neutral zone.
8:58 of 3rd period - Shot by Jonathan Huberdeau.
8:58 of 3rd period - Stopped by Carter Hutton with a rebound.
9:11 of 3rd period - Shot by Jonathan Huberdeau.
9:11 of 3rd period - Stopped by Carter Hutton without a rebound.
9:12 of 3rd period - Lars Eller wins face-off versus Bo Horvat in LOS ANGELES SEALS zone.
9:22 of 3rd period - Icing by Marcus Pettersson.
9:23 of 3rd period - Bo Horvat wins face-off versus Aleksander Barkov in LOS ANGELES SEALS zone.
9:48 of 3rd period - Shot by Marcus Johansson.
9:48 of 3rd period - Shot Hit the Post.
9:50 of 3rd period - Shot by Ryan Murray.
9:50 of 3rd period - Shot Blocked by Filip Hronek.
9:52 of 3rd period - Shot by Ryan Murray.
9:52 of 3rd period - Stopped by Craig Anderson without a rebound.
9:53 of 3rd period - Zack Smith wins face-off versus Lars Eller in SACRAMENTO BANDITS zone.
10:22 of 3rd period - Shot by Zack Smith.
10:22 of 3rd period - Shot Misses the Net.
10:54 of 3rd period - Off-side.
10:55 of 3rd period - Jonathan Huberdeau wins face-off versus Bo Horvat in neutral zone.
11:12 of 3rd period - Shot by Jonathan Huberdeau.
11:12 of 3rd period - Stopped by Carter Hutton without a rebound.
11:13 of 3rd period - Matt Duchene wins face-off versus Max Domi in LOS ANGELES SEALS zone.
11:13 of 3rd period - Colton Sissons is hit by Marcus Pettersson and loses puck.
11:45 of 3rd period - Shot by Adam Lowry.
11:45 of 3rd period - Stopped by Craig Anderson with a rebound.
11:56 of 3rd period - Colton Sissons is hit by Marcus Pettersson and loses puck.
12:13 of 3rd period - Minor Penalty to Adam Lowry for Roughing.
12:14 of 3rd period - Adam Gaudette wins face-off versus Aleksander Barkov in LOS ANGELES SEALS zone.
12:35 of 3rd period - Shot by Patrik Laine.
12:35 of 3rd period - Shot Misses the Net.
15:00 of 3rd period - Icing by Kevin Rooney.
15:01 of 3rd period - Jamie Benn wins face-off versus Kevin Rooney in LOS ANGELES SEALS zone.
16:07 of 3rd period - Icing by Luca Sbisa.
16:08 of 3rd period - Bo Horvat wins face-off versus Aleksander Barkov in SACRAMENTO BANDITS zone.
16:17 of 3rd period - Shot by Jeff Carter.
16:17 of 3rd period - Stopped by Craig Anderson without a rebound.
16:18 of 3rd period - Aleksander Barkov wins face-off versus Max Domi in SACRAMENTO BANDITS zone.
16:18 of 3rd period - Jonathan Huberdeau is hit by Adam Lowry and loses puck.
16:29 of 3rd period - Icing by Adam Lowry.
16:30 of 3rd period - Matt Duchene wins face-off versus Max Domi in LOS ANGELES SEALS zone.
17:12 of 3rd period - Alexander DeBrincat is hit by Adam Lowry and loses puck.
17:42 of 3rd period - Shot by Adam Gaudette.
17:42 of 3rd period - Stopped by Craig Anderson with a rebound.
17:47 of 3rd period - Icing by Colton Sissons.
17:48 of 3rd period - Bo Horvat wins face-off versus Matt Duchene in SACRAMENTO BANDITS zone.
17:59 of 3rd period - Shot by Marcus Johansson.
17:59 of 3rd period - Shot Misses the Net.
Goals for this period are 1 for LOS ANGELES SEALS vs 0 for SACRAMENTO BANDITS.
Shots for this period are 6 for LOS ANGELES SEALS vs 10 for SACRAMENTO BANDITS.


JOHNNY
GAUDREAU
MATTHEW
BOLDY
OWEN
TIPPETT

EAST COAST

HOCKEY LEAGUE

  • 29.PIT6MAN7
  • 30.ATL6NHW2
  • 31.WOR4PET3
  • 32.3RHI4
  • 33.CHIQUE
  • 34.LIMCHA
  • 35.LONTRV
  • 36.BALCHW